 Dungeon Crawl Stone Soup version 0.20-a0-16-g0876c8e (webtiles) character file.

23823 venusorbiting the Basher (level 12, -3/134 HPs)
             Began as a Troll Berserker on Nov 3, 2016.
             Was a High Priest of Trog.
             Slain by Snorg (11 damage)
             ... on level 12 of the Dungeon on Nov 4, 2016.
             The game lasted 01:25:02 (13939 turns).

venusorbiting the Basher (Troll Berserker)         Turns: 13939, Time: 01:25:03

Health: -3/134     AC:  9    Str: 36    XL:     12   Next: 75%
Magic:  11/11      EV: 13    Int:  9    God:    Trog [*****.]
Gold:   792        SH:  0    Dex: 12    Spells: 0 memorised, 11 levels left

rFire  + . .     SeeInvis .     I - +4 rapier of the Ghost {pierce, rPois rF+ Dex+3}
rCold  . . .     Gourm    +     D - +0 mottled dragon scales
rNeg   . . .     Faith    +     (no shield)
rPois  +         Spirit   .     (helmet restricted)
rElec  .         Reflect  .     (no cloak)
rCorr  .         Harm     .     (gloves unavailable)
MR     .....                    (boots unavailable)
Stlth  +.........               E - amulet of faith
                                z - ring of poison resistance
                                w - +6 ring of intelligence

@: exhausted, about to teleport, slowed, heavily drained, very slow
A: unfitting armour, claws 3, hooves 1, fast metabolism 3, gourmand,
regeneration 1, robust 1, shaggy fur 1, strong 2, tough skin 2, wild magic 1
a: Berserk, Trog's Hand, Brothers in Arms, Burn Spellbooks, Renounce Religion


You were on level 12 of the Dungeon.
You worshipped Trog.
Trog was extremely pleased with you.
You were very full.

You visited 3 branches of the dungeon, and saw 16 of its levels.
You also visited: Sewer.

You collected 792 gold pieces.

Inventory:

Hand Weapons
 a - a +2 mace
 h - a cursed -2 dagger
 F - the +9 dagger of Chilly Death {flash freeze, rPois rF- rC++ MR+}
   (You found it on level 2 of the Lair of Beasts)

   It has been specially enchanted to freeze those struck by it, causing extra
   injury to most foes and up to half again as much damage against particularly
   susceptible opponents.
   It can also slow down cold-blooded creatures.
   It makes you vulnerable to fire.
   It greatly protects you from cold.
   It protects you from poison.
   It affects your resistance to hostile enchantments.
 I - the +4 rapier of the Ghost (weapon) {pierce, rPois rF+ Dex+3}
   (Trog gifted it to you on level 10 of the Dungeon)

   It inflicts extra damage upon your enemies.
   It affects your dexterity (+3).
   It protects you from fire.
   It protects you from poison.
Armour
 x - a +1 robe of cold resistance
 D - +0 mottled dragon scales (worn)
Jewellery
 u - a +3 ring of intelligence
 w - a +6 ring of intelligence (left claw)
 z - a ring of poison resistance (right claw)
 E - an amulet of faith (around neck)
Wands
 b - a wand of iceblast (4/15)
 e - a wand of paralysis (19/24)
 l - a wand of paralysis (8/24)
 q - a wand of digging (14/24)
 B - a wand of polymorph (16/24)
 K - a wand of slowing (20/48)
 L - a wand of flame (23/48)
Scrolls
 d - 4 scrolls of identify
 k - 4 scrolls of remove curse
 o - 4 scrolls of enchant weapon
 v - 2 scrolls of recharging
 y - 2 scrolls of fog
 H - a scroll of brand weapon
Potions
 m - a potion of might
 n - 4 potions of flight
 p - 3 potions of brilliance
 s - 2 potions of berserk rage
 t - a potion of invisibility
 A - a potion of cancellation
 M - 3 potions of magic {unknown}
Miscellaneous
 C - a sack of spiders
 J - a phantom mirror
Comestibles
 c - 5 bread rations
 f - 3 slices of pizza
 g - 6 beef jerkies
 i - 21 royal jellies
 j - 15 fruits
 r - 5 meat rations


   Skills:
 + Level 8.9(6.3) Fighting
 * Level 8.1(5.6) Short Blades
 - Level 10.9(8.2) Maces & Flails
 + Level 1.4(0.0) Armour
 + Level 9.6(7.0) Dodging
 + Level 3.0(0.8) Stealth


You had 11 spell levels left.
You didn't know any spells.

Dungeon Overview and Level Annotations

Branches:
Dungeon (12/15)            Temple (1/1) D:6            Lair (3/6) D:9
 Shoals (0/4) Lair:2       Spider (0/4) Lair:3
    Orc: D:9-12

Altars:
Ashenzari
Cheibriados
Dithmenos
Elyvilon
Fedhas
Gozag
Hepliaklqana
Kikubaaqudgha
Makhleb
Nemelex Xobeh
Okawaru
Qazlal
Ru
Sif Muna
Trog
Uskayaw
Vehumet
Xom
Yredelemnul
Zin
The Shining One

Annotations:
D:12 Snorg


Innate Abilities, Weirdness & Mutations

You are too large for most types of armour.
You have claws for hands.
Your metabolism is lightning-fast.
You like to eat raw meat.
Your natural rate of healing is unusually fast.
You are covered in fur. (AC +1)
You have very tough skin. (AC +2)
You have large cloven feet.
You are robust. (+10% HP)
Your muscles are very strong. (Str +4)
Your spells are a little harder to cast, but a little more powerful.


Message History

You barely miss Snorg. Your kick misses Snorg.
Snorg is heavily wounded.
Snorg bites you!!
* * * LOW HITPOINT WARNING * * *
Snorg closely misses you. x2
You barely miss Snorg. Your kick misses Snorg.
Snorg is heavily wounded.
Snorg completely misses you. Snorg claws you.
* * * LOW HITPOINT WARNING * * *
Snorg claws you!
* * * LOW HITPOINT WARNING * * *
You are too berserk!
You feel a strong urge to attack something.
You are no longer berserk.
You are exhausted.
You feel yourself slow down.
As you read the scroll of teleportation, it crumbles to dust.
You feel strangely unstable. Snorg bites you but does no damage.
Snorg claws you!
You die...

#...#
#.#####.........#
#...#
#............C..#
#...#
#......ao(....)..
..†.#
#.######o#####$.#
<...# #)# #C#
#...#####)# #[#
#.......).# #.#
#.........# #T#
#..#####..# #@#
#..# #..# #.#
#..# #..# #.#
#..# #..# #.#
#..# #..# #.#
#..# #.# ..# #.#
#.#


You could see Snorg (berserk), a cyclops, a worker ant and 2 orcs.

Vanquished Creatures
  A hydra (Lair:2)
  A centaur warrior (D:11)
  An unseen horror (D:10)
  4 hill giants
  2 cyclopes
  A centaur zombie (D:11)
  A black mamba (Lair:2)
  The ghost of maximusg the Cleaver, a novice MiBe of Trog (D:6)
  Maurice (D:8)
  4 spiny frogs
  4 rime drakes (Lair:2)
  4 komodo dragons
  6 blink frogs
  A polar bear (Lair:3)
  A two-headed ogre (D:10)
  3 hippogriffs
  Sigmund (D:4)
  A wraith (D:11)
  A redback (Lair:3)
  14 yaks
  2 wyverns
  2 basilisks (Lair:1)
  3 vampire mosquitoes (D:9)
  A hungry ghost (D:9)
  Menkaure (D:4)
  Edmund (D:4)
  A mottled dragon (D:10)
  3 water moccasins
  2 porcupines
  2 soldier ants (D:10)
  16 ice beasts
  An eye of draining (D:11)
  5 orc warriors
  2 sky beasts
  A necrophage (D:10)
  A phantom (D:9)
  3 wolves (Lair:3)
  5 crocodiles
  5 centaurs
  3 big kobolds
  13 bullfrogs
  A water moccasin zombie (D:8)
  3 scorpions
  A water moccasin skeleton (D:10)
  23 killer bees
  13 wights
  5 howler monkeys
  6 crimson imps
  3 jellies
  6 orc wizards
  7 orc priests
  5 hounds
  2 centaur skeletons
  7 bullfrog skeletons
  2 iguanas
  A hell rat (D:9)
  6 worker ants
  A hound skeleton (D:6)
  A worker ant zombie (D:6)
  13 adders
  3 gnolls (D:8)
  A river rat (D:3)
  A shadow imp (Lair:1)
  An adder zombie (D:5)
  An adder skeleton (D:6)
  2 worms
  4 dart slugs
  12 leopard geckos
  30 orcs
  5 ball pythons
  8 giant cockroaches
  14 goblins
  5 hobgoblins
  17 jackals
  3 quokkas (D:8)
  3 bats
  9 frilled lizards
  24 kobolds
  A leopard gecko skeleton (D:8)
  8 rats
  A fungus (Lair:1)
  A plant (Lair:2)
386 creatures vanquished.

Vanquished Creatures (collateral kills)
  A komodo dragon (Lair:1)
  A queen bee (Lair:2)
  5 yaks
  An ice beast (Lair:2)
  5 killer bees (Lair:2)
  An electric eel (Lair:1)
  A hound (D:9)
  A bullfrog skeleton (D:9)
  An orc wizard (D:9)
  2 orcs
19 creatures vanquished.

Vanquished Creatures (others)
  4 fungi (Lair:2)
4 creatures vanquished.

Grand Total: 409 creatures vanquished

Notes
Turn   | Place    | Note
-------+----------+-------------------------------------------
     0 | D:1      | venusorbiting the Troll Berserker began the quest for the Orb.
     0 | D:1      | Reached XP level 1. HP: 22/22 MP: 0/0
   111 | D:1      | Reached XP level 2. HP: 29/29 MP: 1/1
   392 | D:1      | Reached skill level 3 in Maces & Flails
   394 | D:1      | Reached XP level 3. HP: 27/36 MP: 2/2
   442 | D:1      | Reached ** piety under Trog
  1122 | D:2      | Reached XP level 4. HP: 44/44 MP: 3/3
  1529 | D:3      | Found an iron altar of Okawaru.
  1717 | D:3      | Found a faded altar of an unknown god.
  1960 | D:3      | Found a glowing drain.
  1978 | D:3      | Reached XP level 5. HP: 53/53 MP: 4/4
  1979 | D:3      | Reached *** piety under Trog
  1988 | Sewer    | Entered a sewer
  2288 | Sewer    | Reached skill level 4 in Maces & Flails
  2608 | D:4      | Noticed a centaur
  2619 | D:4      | Killed a centaur
  2619 | D:4      | Reached XP level 6. HP: 40/61 MP: 5/5
  2679 | D:4      | Noticed Edmund
  2703 | D:4      | Killed Edmund
  2741 | D:4      | Lost intelligence.
  2781 | D:4      | Reached XP level 7. HP: 53/68 MP: 6/6
  2791 | D:4      | Reached skill level 5 in Maces & Flails
  2894 | D:4      | Reached **** piety under Trog
  2951 | D:4      | Noticed Sigmund
  2962 | D:4      | Killed Sigmund
  2999 | D:4      | Noticed Menkaure
  3010 | D:4      | Killed Menkaure
  3010 | D:4      | Reached skill level 6 in Maces & Flails
  3010 | D:4      | Reached skill level 5 in Dodging
  3203 | D:5      | Entered Level 5 of the Dungeon
  3228 | D:5      | Reached XP level 8. HP: 76/78 MP: 7/7
  4115 | D:6      | Noticed maximusg's ghost (novice MiBe)
  4140 | D:6      | Killed maximusg's ghost
  4140 | D:6      | Reached skill level 7 in Maces & Flails
  4140 | D:6      | Reached skill level 1 in Stealth
  4239 | D:6      | Reached skill level 5 in Fighting
  4580 | D:6      | Reached XP level 9. HP: 77/88 MP: 8/8
  4637 | D:6      | Found a staircase to the Ecumenical Temple.
  4647 | Temple   | Entered the Ecumenical Temple
  5104 | D:7      | Reached skill level 8 in Maces & Flails
  5605 | D:8      | Noticed Maurice
  5817 | D:8      | Reached ***** piety under Trog
  5915 | D:8      | Gained mutation: Your muscles are strong. (Str +2) [potion of mutation]
  5915 | D:8      | Gained mutation: You have large cloven feet. [potion of mutation]
  5915 | D:8      | Gained mutation: Your muscles are very strong. (Str +4) [potion of mutation]
  6852 | D:8      | Killed Maurice
  6926 | D:9      | Reached skill level 9 in Maces & Flails
  7047 | D:9      | Found a staircase to the Lair.
  7061 | D:9      | Noticed a spiny frog
  7088 | D:9      | Killed a spiny frog
  7088 | D:9      | Reached XP level 10. HP: 81/100 MP: 9/9
  7130 | D:10     | Entered Level 10 of the Dungeon
  7535 | D:9      | Reached skill level 10 in Maces & Flails
  8278 | Lair:1   | Entered Level 1 of the Lair of Beasts
  8967 | Lair:1   | Noticed a spiny frog
  8977 | Lair:1   | Killed a spiny frog
  9407 | Lair:2   | Reached XP level 11. HP: 86/109 MP: 10/10
  9823 | Lair:2   | Found a staircase to the Shoals.
  9935 | Lair:2   | Reached skill level 1 in Short Blades
 11229 | Lair:2   | Noticed an eight-headed hydra
 11235 | Lair:2   | Killed an eight-headed hydra
 11681 | Lair:3   | Found a hole to the Spider Nest.
 11696 | Lair:3   | Reached skill level 5 in Short Blades
 11793 | Lair:3   | Reached XP level 12. HP: 89/122 MP: 11/11
 12184 | D:10     | Gained mutation: Your spells are a little harder to cast, but a little more powerful. [potion of mutation]
 12184 | D:10     | Gained mutation: You are robust. (+10% HP) [potion of mutation]
 12658 | D:10     | Received a gift from Trog
 12659 | D:10     | Got a transparent rapier {god gift}
 12660 | D:10     | Identified the +4 rapier of the Ghost {pierce, rPois rF+ Dex+3} (Trog gifted it to you on level 10 of the Dungeon)
 13045 | D:11     | Noticed a centaur warrior
 13056 | D:11     | Killed a centaur warrior
 13623 | D:11     | Reached skill level 1 in Armour
 13919 | D:12     | Noticed Snorg
 13935 | D:12     | HP: 9/201 [Snorg (17)]
 13939 | D:12     | Slain by Snorg

Vault maps used:
D:1:      tarquinn_simple_flora_water_c
D:2:      kennysheep_cluttered_room
D:3:      portal_sewer_entry_b, ecumenical_altar_1, kennysheep_okawaru_gauntlet
D:4:      uniq_edmund, uniq_sigmund, uniq_menkaure
D:5:      first_bread
D:8:      uniq_maurice
D:9:      dpeg_lair_monsters
D:10:     hangedman_pestilent_swarm
D:12:     david_orc_2, uniq_snorg
Temple:   grunt_wide_crystal_templ
Lair:1:   nicolae_quartered_pool_medium, grunt_forest_large_clearings
Lair:2:   shoals_dummy_entry, special_room, minmay_guarded_unrand_chilly_death
Lair:3:   spider_nest_entry_a, serial_bayou_pond_c, forest_entry_grove
Sewer:    sewer_frog_island_01

Skill      XL: |  1  2  3  4  5  6  7  8  9 10 11 12 |
---------------+-------------------------------------+-----
Maces & Flails | 3 4 6 7 9 10 | 10.9
Dodging        | 3 4 5 6 7 9 |  9.6
Fighting       | 3 4 5 6 7 8 |  8.9
Stealth        | 1 2 3 |  3.0
Short Blades   | 5 8 |  8.1
Armour         | 1 |  1.4

Action                   |  1- 3 |  4- 6 |  7- 9 | 10-12 || total
-------------------------+-------+-------+-------+-------++-------
Melee: Mace              |   146 |    10 |   490 |   276 ||   922
       Flail             |       |   203 |    47 |       ||   250
       Kick              |       |       |    37 |   327 ||   364
       Dagger            |       |       |       |   419 ||   419
       Rapier            |       |       |       |   176 ||   176
Invok: Berserk           |       |     3 |    15 |    21 ||    39
       Burn Spellbooks   |       |     1 |     2 |       ||     3
       Brothers in Arms  |       |       |     2 |    10 ||    12
  Use: Potion            |       |     2 |     7 |     3 ||    12
       Scroll            |       |       |    21 |    14 ||    35
 Stab: Sleeping          |       |     1 |     1 |     4 ||     6
       Invisible         |       |       |       |     2 ||     2
       Distracted        |       |       |       |     2 ||     2
  Eat: Chunk             |    14 |    20 |    47 |    73 ||   154
       Fruit             |       |       |     4 |     7 ||    11
       Bread ration      |       |       |     1 |     2 ||     3
       Pizza             |       |       |     1 |       ||     1
       Beef jerky        |       |       |     1 |       ||     1
       Meat ration       |       |       |       |     1 ||     1
Armor: Animal skin       |    64 |    89 |    35 |       ||   188
       Robe              |       |       |    94 |   137 ||   231
       Mottled dragon sc |       |       |       |    40 ||    40
Dodge: Dodged            |   101 |   170 |   307 |   568 ||  1146
